 Dungeon Crawl Stone Soup version 0.25.1-2-g60ff931df9 (webtiles) character file.

Game seed: 11419508016827559939

1347 protoss039 the Thaumaturge (level 8, -1/44 HPs)
             Began as a Deep Elf Earth Elementalist on Aug 2, 2020.
             Was a Follower of Sif Muna.
             Slain by an ogre
             ... wielding a +0 giant spiked club
              (25 damage)
             ... on level 7 of the Dungeon.
             The game lasted 00:15:10 (5766 turns).

protoss039 the Thaumaturge (DEEE)                   Turns: 5766, Time: 00:15:11

Health: -1/44      AC:  6    Str:  5    XL:     8   Next: 36%
Magic:  18/22      EV: 13    Int: 26    God:    Sif Muna [*.....]
Gold:   202        SH:  0    Dex: 15    Spells: 5/24 levels left

rFire    . . .     SeeInvis .   r - +1 dagger (venom)
rCold    . . .     Gourm    .   (no shield)
rNeg     . . .     Faith    .   c - +0 robe
rPois    .         Spirit   .   e - +1 helmet {Int+3}
rElec    .         Reflect  .   j - +0 cloak
rCorr    .         Harm     .   l - +0 pair of gloves
MR       .....                  (no boots)
Stlth    ++........             (no amulet)
HPRegen  0.14/turn              (no ring)
MPRegen  0.18/turn              (no ring)

@: no status effects
A: no striking features
a: Channel Magic, Renounce Religion


You were on level 7 of the Dungeon.
You worshipped Sif Muna.
Sif Muna was aware of your devotion.
You were hungry.

You visited 2 branches of the dungeon, and saw 8 of its levels.

You collected 202 gold pieces.

Inventory:

Hand Weapons
 r - a +1 dagger of venom (weapon)
 u - a +3 flail of protection
Missiles
 b - 95 stones (quivered)
Armour
 c - a +0 robe (worn)
 e - a +1 helmet of intelligence (worn)
 j - a +0 cloak (worn)
 l - a +0 pair of gloves (worn)
Jewellery
 w - an uncursed ring of ice {unknown}
Wands
 x - a wand of random effects (22)
 y - a wand of disintegration (14)
Scrolls
 f - 5 scrolls of teleportation {unknown}
 g - 7 scrolls of identify {unknown}
 k - 2 scrolls of magic mapping {unknown}
 n - 4 scrolls of remove curse {unknown}
 o - 3 scrolls of enchant weapon {unknown}
 q - a scroll of fear {unknown}
 s - a scroll of noise {unknown}
 t - a scroll of enchant armour {unknown}
Potions
 a - 2 potions of invisibility {unknown}
 h - 3 potions of lignification {unknown}
 i - 2 potions of flight {unknown}
 m - a potion of haste {unknown}
 p - a potion of brilliance {unknown}
 v - 2 potions of curing
Comestibles
 d - 10 rations


   Skills:
 * Level 2.1 Fighting
 - Level 3.0 Dodging
 - Level 3.0 Stealth
 + Level 8.9 Spellcasting
 + Level 2.5 Conjurations
 * Level 0.9 Summonings
 - Level 1.1 Transmutations
 * Level 0.8 Air Magic
 + Level 7.1 Earth Magic
 * Level 2.7 Invocations


You had 5 spell levels left.
You knew the following spells:

 Your Spells              Type           Power        Failure   Level  Hunger
a - Sandblast             Erth           #####.       1%          1    None
b - Passwall              Tmut/Erth      ####....     1%          2    None
c - Stone Arrow           Conj/Erth      #####.       1%          3    None
d - Petrify               Tmut/Erth      ####....     10%         4    #......
e - Lee's Rapid Deconstr  Erth           #####.....   8%          5    ####...
f - Summon Lightning Spi  Summ/Air       ###.....     34%         4    #......

Your spell library contained the following spells:

 Spells                   Type           Power        Failure   Level  Hunger
 Summon Small Mammal      Summ           ###.         3%          1    None
 Call Imp                 Summ           ###.....     5%          2    None
 Call Canine Familiar     Summ           ###.....     11%         3    None
 Summon Guardian Golem    Hex/Summ       ##......     13%         3    None
 Summon Ice Beast         Ice/Summ       ##......     38%         4    #......


Dungeon Overview and Level Annotations

Branches:
Dungeon (7/15)             Temple (1/1) D:5

Altars:
Ashenzari
Dithmenos
Elyvilon
Fedhas
Gozag
Hepliaklqana
Kikubaaqudgha
Makhleb
Nemelex Xobeh
Okawaru
Qazlal
Ru
Sif Muna
Trog
Uskayaw
Vehumet
Wu Jian
Xom
Zin
The Shining One


Message History

The stone hits you but does no damage.
The kobold shouts!
Things that are here:
a stone; a potion of curing
Okay, then.
The hound bites you.
The centaur shoots an arrow.
The arrow hits you! The hound barely misses you.
The kobold throws a stone.
The stone barely misses you.
Things that are here:
an arrow; a stone The centaur shoots an arrow.
The arrow hits you.
You see here an arrow.
The hound closely misses you.
There is a stone staircase leading up here.
Unknown command.
Unknown command.
The hound bites you but does no damage. x2
The ogre hits you with a +0 giant spiked club!!
Ouch! That really hurt!
You die...

#..............
#.........#..............
#.........#..>...........
+.........#......)..#
.... ... #......)..# #..
#.# ##...)..).#
..###..##.####........#
.........(.O.....#....#
.....K.(c(.h@....#....#
....>K...........#....#
KKK..............#....#
.................+....#
...##....###...####...#
## #....# #...# #......
...... #......#...$..


You could see a big kobold, an ogre, a centaur, a hound and a kobold.

Vanquished Creatures
  Edmund (D:4)
  An orc warrior (D:6)
  A sky beast (D:6)
  A necrophage (D:7)
  3 ogres
  4 wights
  3 howler monkeys
  A bullfrog zombie (D:6)
  2 orc priests (D:6)
  An orc wizard (D:6)
  An iguana (D:5)
  2 worker ants
  2 hound zombies
  A hound skeleton (D:4)
  A worker ant zombie (D:5)
  10 adders
  A howler monkey skeleton (D:6)
  2 shadow imps
  A worm (D:4)
  6 leopard geckos
  11 orcs
  A ball python (D:1)
  3 giant cockroaches
  7 goblins
  9 hobgoblins
  2 jackals (D:2)
  3 kobolds
  3 quokkas (D:2)
  6 bats
  7 frilled lizards
  A jackal skeleton (D:4)
  A leopard gecko zombie (D:6)
  A quokka zombie (D:6)
  5 rats
105 creatures vanquished.

Notes
Turn   | Place    | Note
-------+----------+-------------------------------------------
     0 | D:1      | protoss039 the Deep Elf Earth Elementalist began the quest
                  | for the Orb.
     0 | D:1      | Reached XP level 1. HP: 10/10 MP: 6/6
   360 | D:1      | Reached XP level 2. HP: 13/15 MP: 6/8
  1056 | D:2      | Reached XP level 3. HP: 15/19 MP: 7/10
  1298 | D:2      | Reached skill level 4 in Spellcasting
  1324 | D:2      | You fall into a shaft and drop 2 floors!
  1353 | D:3      | Found a white marble altar of Elyvilon.
  1360 | D:3      | Reached XP level 4. HP: 23/24 MP: 6/12
  1424 | D:3      | Found an ornate altar of the Wu Jian Council.
  1429 | D:3      | Found a hazy altar of Hepliaklqana.
  1429 | D:3      | Found a shadowy altar of Dithmenos.
  1871 | D:3      | Learned a level 2 spell: Passwall
  1879 | D:3      | Learned a level 3 spell: Stone Arrow
  2029 | D:3      | Reached skill level 5 in Spellcasting
  2255 | D:3      | Reached XP level 5. HP: 23/28 MP: 10/14
  2388 | D:3      | Found a shattered altar of Ashenzari.
  2604 | D:4      | Noticed an ogre
  2611 | D:4      | Killed an ogre
  2611 | D:4      | Reached skill level 6 in Spellcasting
  2611 | D:4      | Reached skill level 5 in Earth Magic
  2658 | D:4      | Reached XP level 6. HP: 32/32 MP: 14/17
  3250 | D:5      | Entered Level 5 of the Dungeon
  3255 | D:5      | Reached skill level 7 in Spellcasting
  3364 | D:5      | Noticed Edmund
  3402 | D:4      | Killed Edmund
  3534 | D:5      | Found a staircase to the Ecumenical Temple.
  3571 | D:5      | Reached XP level 7. HP: 36/36 MP: 16/20
  3604 | Temple   | Entered the Ecumenical Temple
  3843 | Temple   | Became a worshipper of Sif Muna the Loreminder
  3905 | D:5      | Reached skill level 1 in Conjurations
  4172 | D:5      | Found a blossoming altar of Fedhas.
  4215 | D:5      | Reached skill level 1 in Invocations
  4492 | D:5      | Learned a level 4 spell: Petrify
  4498 | D:5      | Learned a level 5 spell: Lee's Rapid Deconstruction
  4502 | D:6      | Reached skill level 1 in Fighting
  4510 | D:6      | Reached skill level 8 in Spellcasting
  4837 | D:6      | Reached XP level 8. HP: 44/44 MP: 11/22
  4838 | D:6      | Reached * piety under Sif Muna
  5444 | D:6      | Found a stormy altar of Qazlal.
  5515 | D:6      | Learned a level 4 spell: Summon Lightning Spire
  5766 | D:7      | Slain by an ogre

Illustrated notes

Levels and vault maps discovered:
D:1:      minmay_arrival_split_and_join, layout_basic
D:2:      layout_rooms
D:3:      minmay_door_path, layout_rooms, nicolae_overflow_crystal_walls,
          grunt_temple_overflow_open, old_standard_altar, first_ration
D:4:      wander_river, layout_cave_pools
D:5:      layout_gridville, temple_statues, fedhas_altar_3, uniq_edmund
D:6:      layout_loops_corners, st_stairs_1, nicolae_qazlal_general_emergency
D:7:      layout_gridville, gammafunk_temple_overflow_wave, serial_undead,
          serial_undead_f, serial_undead_f, serial_undead_c, serial_undead_d,
          serial_undead_a, uniq_menkaure, uniq_pikel
Temple:   regret_index_temple_generic_petals

Skill      XL: |  1  2  3  4  5  6  7  8 |
---------------+-------------------------+-----
Dodging        | 3 |  3.0
Stealth        | 3 |  3.0
Spellcasting   | 4 5 6 7 8 |  8.9
Earth Magic    | 4 5 6 7 |  7.1
Conjurations   | 2 |  2.5
Invocations    | 2 |  2.7
Fighting       | 1 2 |  2.1
Summonings     | |  0.9
Transmutations | |  1.1
Air Magic      | |  0.8

Action                   |  1- 3 |  4- 6 |  7- 9 || total
-------------------------+-------+-------+-------++-------
Melee: Dagger            |     6 |    15 |       ||    21
       Unarmed           |     1 |       |       ||     1
 Cast: Sandblast         |    45 |    42 |    13 ||   100
       Stone Arrow       |       |    17 |    44 ||    61
 Stab: Sleeping          |       |     4 |       ||     4
  Eat: Chunk             |     1 |     7 |     6 ||    14
Armor: Robe              |     5 |     5 |     4 ||    14
Dodge: Dodged            |    18 |    22 |     8 ||    48
